 Dungeon Crawl Stone Soup version 0.28-a0-1524-ge72afd5fc6 (webtiles) character file.

Game seed: 14152911100924352504

291 porpoise the Magician (level 6, 0/47 HPs)
             Began as a Djinni Conjurer on Jan 18, 2022.
             Slain by a hornet zombie (1 damage)
             ... on level 5 of the Dungeon.
             The game lasted 00:12:27 (6046 turns).

porpoise the Magician (Djinni Conjurer)             Turns: 6046, Time: 00:12:29

Health: 0/47       AC:  4    Str:  8    XL:     6   Next: 58%
Gold:   68         EV: 12    Int: 20    God:
                   SH:  0    Dex: 11

rFire   + + .      SeeInvis .   b - +0 hunting sling
rCold   x . .      Faith    .   (no shield)
rNeg    . . .      Spirit   .   g - +0 robe
rPois   ∞          Reflect  .   m - +1 helmet
rElec   .          Harm     .   f - scarf {repulsion}
rCorr   .          Rampage  .   (no gloves)
Will    .....                   (boots unavailable)
Stlth   ++........              (no amulet)
HPRegen 0.15/turn               (no ring)
MPRegen 0.00/turn               (no ring)

@: flying, repel missiles
A: sickness immunity, fire resistance 2, cold vulnerability 1, float, innate
caster, hp casting, extra vitality 1
a: no special abilities


You were on level 5 of the Dungeon.
You visited 1 branch of the dungeon, and saw 5 of its levels.

You collected 68 gold pieces.

Inventory:

Hand Weapons
 a - a +0 hand axe of electrocution
 b - a +0 hunting sling (weapon)
Missiles
 j - 45 bolts
 k - 9 poisoned darts
 p - 18 arrows
 q - 65 stones (quivered ammo)
 s - 6 atropa-tipped darts
Armour
 e - a +2 ring mail of cold resistance
 f - a scarf of repulsion (worn)
 g - a +0 robe (worn)
 m - a +1 helmet (worn)
 r - a +0 buckler
Jewellery
 d - an amulet of faith
Wands
 v - a wand of flame (18)
Scrolls
 c - a scroll of noise
 y - a scroll of identify {unknown}
Potions
 h - 2 potions of curing {unknown}
 i - a potion of heal wounds {unknown}
 l - a potion of ambrosia {unknown}
 n - a potion of degeneration {unknown}
 o - a potion of berserk rage {unknown}
 t - a potion of cancellation {unknown}
 u - a potion of haste {unknown}
 w - a potion of mutation {unknown}
 x - a potion of lignification {unknown}


   Skills:
 * Level 3.6 Fighting
 - Level 2.1 Dodging
 + Level 2.8 Stealth
 * Level 4.4 Spellcasting


You couldn't memorise any spells.
You knew the following spells:

 Your Spells              Type           Power      Damage    Failure   Level
a - Magic Dart            Conj           88%        1d7       1%          1
b - Searing Ray           Conj           44%        2d6       3%          2
c - Fulminant Prism       Conj/Hex       11%        3d9       21%         4
d - Iskenderun's Mystic   Conj/Tloc      22%        2d6       21%         4
g - Dazzling Flash        Conj/Hex       44%        N/A       6%          3
r - Scorch                Fire           44%        2d7       3%          2
t - Beastly Appendage     Tmut           44%        N/A       1%          1
Your spell library was empty.

Dungeon Overview and Level Annotations

Branches:
Dungeon (5/15)
 Temple: D:4-7

Altars:
Cheibriados
Qazlal
Ru
Trog
Vehumet
Wu Jian


Innate Abilities, Weirdness & Mutations

You are immune to sickness and miasma.
You are immune to poison.
Your flesh is very heat resistant. (rF++)
You are vulnerable to cold. (rC-)
You float through the air rather than walking.
You learn spells naturally, not from books.
Your magical power is your life essence.
You have superior vitality. (+4 MHP)


Message History

The searing ray hits the hornet zombie but does no damage.
The hornet zombie is lightly damaged.
The searing ray hits the hound zombie.
The hound zombie is moderately damaged.
The hornet zombie hits you!
The searing ray hits the hornet zombie.
The hornet zombie is moderately damaged.
The searing ray hits the hound zombie!
The hound zombie is severely damaged.
You finish channelling your searing ray.
The hornet zombie hits you! The hornet zombie misses you.
Casting: Searing Ray (safe; 3% risk of failure)
Confirm with . or Enter, or press ? or * to list all spells.
Aiming: Searing Ray (safe; 3% risk of failure)
Press: ? - help, Shift-Dir - straight line, f/p - hornet zombie
Aim: a hornet zombie (moderately damaged, 81% to hit)
The searing ray hits the hornet zombie.
The hornet zombie is moderately damaged.
The searing ray hits the hound zombie!
You destroy the hound zombie! (Press . to maintain the ray.)
The hornet zombie hits you!
* * * LOW HITPOINT WARNING * * *
The searing ray hits the hornet zombie.
The hornet zombie is heavily damaged.
* * * LOW HITPOINT WARNING * * *
The hornet zombie hits you.
* * * LOW HITPOINT WARNING * * *
The searing ray hits the hornet zombie!
The hornet zombie is severely damaged.
* * * LOW HITPOINT WARNING * * *
The hornet zombie closely misses you.
The searing ray hits the hornet zombie!
The hornet zombie is severely damaged.
* * * LOW HITPOINT WARNING * * *
You finish channelling your searing ray.
The hornet zombie hits you.
* * * LOW HITPOINT WARNING * * *
The hornet zombie hits you.
You die...

### ..#
#.# #Z#
#####
#@####...#
#........#
######...#
##.## #.#
#.# #.#
###.###
#.....#


You could see a hornet zombie.

Vanquished Creatures
  A hound (D:4)
  A bullfrog skeleton (D:5)
  2 hound zombies (D:5)
  4 gnolls (D:3)
  3 adders
  An ufetubus (D:5)
  3 worms
  2 dart slugs (D:2)
  6 orcs
  9 endoplasms
  10 giant cockroaches
  16 goblins
  11 hobgoblins
  5 jackals
  A quokka (D:3)
  10 ball pythons
  7 bats
  5 frilled lizards
  9 kobolds
  3 rats
109 creatures vanquished.

Vanquished Creatures (others)
  A plant (D:1)
1 creature vanquished.

Grand Total: 110 creatures vanquished

Notes
Turn   | Place    | Note
-------+----------+-------------------------------------------
     0 | D:1      | porpoise the Djinni Conjurer began the quest for the Orb.
     0 | D:1      | Reached XP level 1. HP: 15/15 MP: 0/0
   134 | D:1      | Reached XP level 2. HP: 14/22 MP: 0/0
   364 | D:1      | Reached skill level 1 in Fighting
   594 | D:1      | You are sucked into a shaft and drop 1 floor!
   946 | D:1      | Reached XP level 3. HP: 25/27 MP: 0/0
   946 | D:1      | Learned a level 1 spell: Beastly Appendage
  1954 | D:2      | Reached XP level 4. HP: 25/33 MP: 0/0
  2904 | D:2      | Reached XP level 5. HP: 39/39 MP: 0/0
  2904 | D:2      | Learned a level 2 spell: Scorch
  3359 | D:3      | Found a sacrificial altar of Ru.
  3415 | D:3      | Reached skill level 4 in Spellcasting
  3600 | D:3      | Found a faded altar of an unknown god.
  4245 | D:3      | Found a snail-covered altar of Cheibriados.
  4299 | D:4      | Reached XP level 6. HP: 20/46 MP: 0/0
  4537 | D:4      | Found a bloodstained altar of Trog.
  4649 | D:4      | Found a stormy altar of Qazlal.
  4682 | D:4      | Found an ornate altar of the Wu Jian Council.
  5571 | D:5      | Entered Level 5 of the Dungeon
  6046 | D:5      | HP: 1/47 [hornet zombie (5)]
  6046 | D:5      | Slain by a hornet zombie

Illustrated notes

Levels and vault maps discovered:
D:1:      eino_arrival_druids_welcome, layout_loops_ring, skrybe_limestone_x,
          minmay_fountain_box, minmay_strange_pillars, minmay_3d_cube
D:2:      layout_basic, nicolae_concentric_dashed_squares_mild,
          minmay_misc_feat_nine_boxes, grunt_decor_arrowhead,
          minmay_goblin_outpost
D:3:      layout_basic, lemuel_coloured_pillars_altar,
          mainiacjoe_overflow_boulevard,
          hellmonk_ecumenical_altar_pennies_from_heaven
D:4:      layout_loops_corners, fiery_altar_vehumet, grunt_qazlal_clouds,
          nicolae_wu_jian_immortal_techniques, trog_three_pillars_becter,
          portal_sewer_entry_e
D:5:      layout_loops_ring

Skill      XL: |  1  2  3  4  5 |
---------------+----------------+-----
Fighting       | 1 2 3 |  3.6
Stealth        | 2 |  2.8
Spellcasting   | 4 |  4.4
Dodging        | |  2.1

Action                   |  1- 3 |  4- 6 || total
-------------------------+-------+-------++-------
Melee: Short sword       |     7 |     2 ||     9
       Headbutt          |     1 |       ||     1
       Hand axe          |       |     3 ||     3
 Fire: Hunting sling     |       |    52 ||    52
 Cast: Magic Dart        |    69 |    40 ||   109
       Searing Ray       |     6 |    27 ||    33
       Beastly Appendage |     2 |       ||     2
       Iskenderun's Myst |       |     1 ||     1
  Use: Scroll            |     1 |     4 ||     5
Armor: Robe              |     2 |     5 ||     7
Dodge: Dodged            |    11 |    24 ||    35
       Repelled          |       |     1 ||     1

Table legend: (Time is in decaauts)
 A = Elapsed time spent in this place.
 B = Non-inter-level travel time spent in this place.
 C = Inter-level travel time spent in this place.
 D = Time resting spent in this place.
 E = Time spent auto-exploring this place.
 F = Levels seen in this place.
 G = Mean time per level.
                   A        B        C        D        E       F      G
               +--------+--------+--------+--------+--------+-----+--------+
         Total |   6054 |   5908 |    146 |   2069 |   3230 |   5 | 1210.8 |
       Dungeon |   6054 |   5908 |    146 |   2069 |   3230 |   5 | 1210.8 |
               +--------+--------+--------+--------+--------+-----+--------+

Top non-repeatable levels by time:
     D:1: 1615 daAuts
     D:2: 1531 daAuts
     D:4: 1249 daAuts
     D:3: 1182 daAuts
     D:5: 475 daAuts
